[Event "Titled Tuesday Blitz November 01 Late 2022"]
[White "Bluebaum, Matthias"]
[Black "Shipov, Sergei"]
[WhiteFideId "24651516"]
[BlackFideId "4113624"]
[WhiteElo "2633"]
[BlackElo "2777"]
[Result "0-1"]
[Round "08"]
[TimeControl "180+1"]
[Date "2022.11.01"]
[WhiteClock "0:00:05"]
[BlackClock "0:00:55"]

1. d4 d5 2. c4 dxc4 3. e4 Nf6 4. e5 Nd5 5. Bxc4 Nc6 6. Nc3 Nb6 7. Bb5 Bd7 8. Nf3 e6 9. O-O a6 10. Be2 Ne7 11. Ng5 h6 12. Nge4 Bc6 13. Be3 Nf5 14. Qc2 Nxd4 15. Qd2 Nxe2+ 16. Qxe2 Nd5 17. Rfd1 Qh4 18. Qc4 Be7 19. Rd4 Nxe3 20. fxe3 Qh5 21. Nd6+ cxd6 22. exd6 Bg5 23. d7+ Bxd7 24. Rxd7 Kxd7 25. Rd1+ Ke8 26. Qa4+ Kf8 27. Qb4+ Kg8 28. Qxb7 Bxe3+ 29. Kh1 Rf8 30. Rf1 Qe5 31. Qxa6 Bd4 32. Nb5 Qe2 33. Ra1 Bxb2 34. Rb1 Bf6 35. Qc6 h5 36. Nd6 h4 37. h3 Be5 38. Ne4 Qe3 39. Rf1 Rh6 40. a4 Rg6 41. a5 Qe2 42. Rg1 Bd4 43. a6 Bxg1 44. Nc3 Qe1 45. Qe4 Qxe4 46. Nxe4 Ba7 47. Nd6 Rb8 48. Nb7 Rg3 49. Kh2 Ra3 50. Nd6 Rxa6 51. Ne4 Bd4 52. g3 Ra2+ 53. Nd2 Rxd2+ 54. Kh1 Rb1# 0-1


[Site "https://www.chess.com"]

[Event "Titled Tuesday Blitz November 01 Late 2022"]
[White "Boidiya, Sidi"]
[Black "Sargsyan, Anna M."]
[WhiteFideId "19600100"]
[BlackFideId "13308130"]
[WhiteElo "2113"]
[BlackElo "2284"]
[Result "0-1"]
[Round "08"]
[TimeControl "180+1"]
[Date "2022.11.02"]
[WhiteClock "0:00:56"]
[BlackClock "0:01:49"]

1. e4 c6 2. d4 d5 3. Nd2 dxe4 4. Nxe4 Nd7 5. Ng5 Ngf6 6. N1f3 h6 7. Nh3 g5 8. Nd2 e6 9. Bd3 Bg7 10. Qe2 c5 11. dxc5 Nxc5 12. Bb5+ Bd7 13. O-O Qc7 14. Nb3 O-O-O 15. Be3 Nce4 16. Bxa7 g4 17. f3 Bxb5 18. Qxb5 Nd6 19. Qb4 gxh3 20. Bb6 Nd5 21. Bxc7 Nxb4 22. Bxd8 hxg2 23. Kxg2 Rxd8 24. c3 Nc2 25. Rad1 Ne3+ 26. Kf2 Nxd1+ 27. Rxd1 Ne4+ 28. Ke2 Rxd1 29. Kxd1 Nd6 0-1


[Site "https://www.chess.com"]

[Event "Titled Tuesday Blitz November 01 Late 2022"]
[White "Bortnyk, Olexandr"]
[Black "Rasulov, Vugar"]
[WhiteFideId "14120828"]
[BlackFideId "13402390"]
[WhiteElo "2723"]
[BlackElo "2509"]
[Result "1-0"]
[Round "08"]
[TimeControl "180+1"]
[Date "2022.11.01"]
[WhiteClock "0:00:05"]
[BlackClock "0:00:07"]

1. e4 c5 2. c3 d5 3. exd5 Qxd5 4. d4 Nf6 5. Be3 e6 6. Nf3 cxd4 7. cxd4 Nc6 8. Nc3 Bb4 9. Bd3 O-O 10. O-O Qa5 11. Ne4 Be7 12. a3 Nd5 13. Rc1 Qb6 14. b4 Rd8 15. Nfg5 g6 16. Qf3 f5 17. Qh3 h5 18. Qg3 Qc7 19. Qxc7 Nxc7 20. Nc5 Bf6 21. Bc4 Nxd4 22. Bf4 Nd5 23. Bxd5 Rxd5 24. Rfe1 e5 25. Be3 e4 26. h4 b6 27. Bxd4 Bxd4 28. Nce6 Bb2 29. Nc7 Bxc1 30. Rxc1 Bb7 31. Nxa8 Rd3 32. Nc7 Rxa3 33. Nce6 Rb3 34. Rc7 Ba6 35. Rg7+ Kh8 36. Nf7# 1-0


[Site "https://www.chess.com"]

[Event "Titled Tuesday Blitz November 01 Late 2022"]
[White "Boruchovsky, Avital"]
[Black "Kleiman, Jake"]
[WhiteFideId "2800055"]
[BlackFideId "2020041"]
[WhiteElo "2466"]
[BlackElo "2626"]
[Result "0-1"]
[Round "08"]
[TimeControl "180+1"]
[Date "2022.11.01"]
[WhiteClock "0:00:55"]
[BlackClock "0:01:07"]

1. d4 Nf6 2. Nf3 e6 3. b3 d5 4. Bb2 Be7 5. e3 O-O 6. Bd3 b6 7. a4 a6 8. Nbd2 c5 9. Ne5 Bb7 10. f4 Nc6 11. Nxc6 Bxc6 12. Qf3 b5 13. O-O c4 14. bxc4 bxc4 15. Bxc4 dxc4 16. Qxc6 Rc8 17. Qxa6 c3 18. Bxc3 Rxc3 19. Ra2 Rxe3 20. Nf3 Nd5 21. Raa1 Nxf4 22. Kh1 Rc3 23. Rf2 Nd5 24. a5 Qc8 25. Qe2 Qc4 26. a6 Qxe2 27. Rxe2 Ra8 28. Ne5 Bf6 29. Nf3 g5 30. Ree1 Rxc2 31. Reb1 Rc7 32. h3 Rca7 0-1


[Site "https://www.chess.com"]

[Event "Titled Tuesday Blitz November 01 Late 2022"]
[White "Brown, Andrew"]
[Black "Valdes Romero, Leonardo"]
[WhiteFideId "3206513"]
[BlackFideId "6500331"]
[WhiteElo "2245"]
[BlackElo "2494"]
[Result "1/2-1/2"]
[Round "08"]
[TimeControl "180+1"]
[Date "2022.11.02"]
[WhiteClock "0:00:07"]
[BlackClock "0:00:11"]

1. d4 d6 2. c4 Nf6 3. Nc3 Nbd7 4. g3 e5 5. Bg2 Be7 6. Nf3 O-O 7. O-O c6 8. e4 a6 9. a4 a5 10. d5 Nc5 11. Qc2 Qb6 12. Be3 Ng4 13. Bd2 Nb3 14. Rad1 Nxd2 15. Rxd2 f5 16. h3 fxe4 17. Nxe4 Nf6 18. Nxf6+ Rxf6 19. Ng5 Bf5 20. Be4 Raf8 21. Nxh7 Bxh7 22. Bxh7+ Kh8 23. Kg2 cxd5 24. cxd5 Qb4 25. Be4 Bd8 26. f3 Bb6 27. h4 Qc5 28. Qxc5 Bxc5 29. h5 b6 30. g4 Rf4 31. Rh1 Kg8 32. Rc2 Kf7 33. h6 gxh6 34. Rxh6 Ke7 35. Rc1 R8f7 36. Kg3 Kd7 37. Bf5+ R4xf5 38. gxf5 Be3 39. Rch1 Bxh6 40. Rxh6 Rxf5 41. Rh7+ Kc8 42. Rh6 Kc7 43. Rh7+ Kc8 44. Rh6 Kc7 45. Rh7+ Kc8 1/2-1/2


[Site "https://www.chess.com"]

[Event "Titled Tuesday Blitz November 01 Late 2022"]
[White "Castellanos Gomez, Alejandro"]
[Black "Tanenbaum, Zachary"]
[WhiteFideId "22284141"]
[BlackFideId "2060850"]
[WhiteElo "2168"]
[BlackElo "2175"]
[Result "0-1"]
[Round "08"]
[TimeControl "180+1"]
[Date "2022.11.02"]
[WhiteClock "0:00:01"]
[BlackClock "0:00:56"]

1. d4 d5 2. Bf4 Nf6 3. e3 c5 4. c3 Nc6 5. Nd2 Qb6 6. Qb3 c4 7. Qc2 g6 8. e4 dxe4 9. Nxc4 Qd8 10. h3 Bg7 11. g4 O-O 12. Bg2 Nd5 13. Qxe4 Nxf4 14. Qxf4 e5 15. dxe5 Nxe5 16. Nxe5 Bxe5 17. Qd2 Qb6 18. Nf3 Rd8 19. Qc2 Bf6 20. O-O Be6 21. Rfe1 Rac8 22. Nd2 Bh4 23. Ne4 f5 24. gxf5 gxf5 25. Re2 Bc4 26. Kh1 Bd3 27. Qd2 fxe4 28. Ree1 Qxf2 0-1


[Site "https://www.chess.com"]

[Event "Titled Tuesday Blitz November 01 Late 2022"]
[White "D`Arruda, Ricardo D."]
[Black "Kekic, Armin"]
[WhiteFideId "100692"]
[BlackFideId "14401274"]
[WhiteElo "2473"]
[BlackElo "2132"]
[Result "1/2-1/2"]
[Round "08"]
[TimeControl "180+1"]
[Date "2022.11.02"]
[WhiteClock "0:01:17"]
[BlackClock "0:01:43"]

1. Nf3 d5 2. b3 Nf6 3. Bb2 Bf5 4. e3 e6 5. Be2 h6 6. O-O Nbd7 7. d3 Be7 8. Nbd2 O-O 9. Ne5 Nxe5 10. Bxe5 Bd6 11. Nf3 c6 12. c4 Qc7 13. Bxd6 Qxd6 14. Qc2 Rad8 15. Rfd1 Rfe8 16. Rac1 Bh7 17. h3 e5 18. cxd5 Nxd5 19. Qc5 Qxc5 20. Rxc5 f6 21. a3 Nc7 22. d4 Ne6 23. Bc4 Kf8 24. Bxe6 Rxe6 25. Rdc1 Be4 26. dxe5 Bxf3 27. gxf3 Rxe5 28. Rxe5 fxe5 29. Rc3 Ke7 30. b4 a6 31. Kg2 Ke6 32. Kg3 Rd2 33. Rc4 Ra2 34. Rc3 Kf5 35. Rd3 Ke6 36. h4 g5 37. hxg5 hxg5 38. Kg2 b6 39. Rc3 Kd6 40. Rd3+ Ke6 41. Rc3 Kd6 42. Rd3+ Ke6 1/2-1/2


[Site "https://www.chess.com"]

[Event "Titled Tuesday Blitz November 01 Late 2022"]
[White "Dahlgren, James Allen"]
[Black "Clawitter, Craig"]
[WhiteFideId "22256873"]
[BlackFideId "2023105"]
[WhiteElo "2205"]
[BlackElo "2308"]
[Result "0-1"]
[Round "08"]
[TimeControl "180+1"]
[Date "2022.11.02"]
[WhiteClock "0:00:27"]
[BlackClock "0:00:40"]

1. e4 e6 2. Nc3 d5 3. d4 Bb4 4. e5 c5 5. a3 Bxc3+ 6. bxc3 Ne7 7. Qg4 Qc7 8. Ne2 O-O 9. h4 Nbc6 10. Bd2 Nf5 11. h5 Bd7 12. h6 g6 13. f4 cxd4 14. cxd4 Ncxd4 15. Nxd4 Nxd4 16. Bd3 Nxc2+ 17. Kf2 Nxa1 18. Qg5 Qd8 19. Rxa1 Qxg5 20. fxg5 Rfc8 21. Ke3 a6 22. Bb4 Bb5 23. Bxb5 axb5 24. Bd6 Rc4 25. Rb1 Ra5 26. Rb3 Rg4 27. Be7 Rg3+ 0-1


[Site "https://www.chess.com"]

[Event "Titled Tuesday Blitz November 01 Late 2022"]
[White "Danielyan, Vahe"]
[Black "Ivic, Velimir"]
[WhiteFideId "13304828"]
[BlackFideId "950122"]
[WhiteElo "2421"]
[BlackElo "2625"]
[Result "0-1"]
[Round "08"]
[TimeControl "180+1"]
[Date "2022.11.01"]
[WhiteClock "0:00:22"]
[BlackClock "0:00:12"]

1. e4 c5 2. Nc3 e6 3. g3 a6 4. Bg2 b5 5. Nge2 Bb7 6. O-O h5 7. d4 cxd4 8. Nxd4 h4 9. Re1 Bc5 10. Be3 Qc7 11. a4 b4 12. Nd5 exd5 13. exd5 d6 14. Nf5 Kf8 15. Qg4 g6 16. Nxh4 Nd7 17. Rad1 Ne5 18. Qf4 Kg7 19. Qg5 Rh5 20. Qf4 Nf6 21. Bd2 Nfg4 22. Re2 a5 23. h3 Nf6 24. Rde1 Ba6 25. Bf1 Rxh4 26. gxh4 Bxe2 27. Qh6+ Kg8 28. Bxe2 Bd4 29. h5 Qxc2 30. Kh1 Qe4+ 31. f3 Nxf3 32. Bd3 Qxd3 33. hxg6 Qxg6 34. Qxg6+ fxg6 35. Re6 Nxd2 0-1


[Site "https://www.chess.com"]

[Event "Titled Tuesday Blitz November 01 Late 2022"]
[White "Deac, Bogdan-Daniel"]
[Black "Fernandez Guillen, Ernesto J."]
[WhiteFideId "1226380"]
[BlackFideId "3512428"]
[WhiteElo "2648"]
[BlackElo "2422"]
[Result "1-0"]
[Round "08"]
[TimeControl "180+1"]
[Date "2022.11.01"]
[WhiteClock "0:00:30"]
[BlackClock "0:00:01"]

1. d4 Nf6 2. Nf3 e6 3. c4 d5 4. g3 b6 5. Bg2 Bb7 6. cxd5 exd5 7. O-O Be7 8. Nc3 O-O 9. b3 Re8 10. Bb2 Bf8 11. Rc1 Nbd7 12. e3 a6 13. Ne2 c5 14. Nf4 Rc8 15. dxc5 bxc5 16. Rc2 Nb6 17. Qa1 Ne4 18. Nd2 Nd6 19. Rfc1 c4 20. Bd4 cxb3 21. axb3 Rxc2 22. Rxc2 Nb5 23. Bxb6 Qxb6 24. Nxd5 Bxd5 25. Bxd5 Rd8 26. Nc4 Qg6 27. Rd2 Qg5 28. h4 Qe7 29. Ne5 Nd6 30. Nc6 Qc7 31. Nxd8 Qxd8 32. Qxa6 h6 33. Qa7 Qf6 34. Kg2 Qc3 35. Qd4 Qc7 36. b4 Qb8 37. Qf4 Qe8 38. Bf3 Qe6 39. Rd5 Qe7 40. b5 Qc7 41. Qd4 Qb8 42. b6 Qd8 43. b7 Qb8 44. h5 1-0


[Site "https://www.chess.com"]

[Event "Titled Tuesday Blitz November 01 Late 2022"]
[White "Diaz Rosas, Julio Cesar"]
[Black "Gallegos Diaz, Carlos Alberto"]
[WhiteFideId "5105099"]
[BlackFideId "3900886"]
[WhiteElo "2246"]
[BlackElo "2362"]
[Result "1-0"]
[Round "08"]
[TimeControl "180+1"]
[Date "2022.11.02"]
[WhiteClock "0:00:11"]
[BlackClock "0:00:20"]

1. d4 d6 2. c4 Nf6 3. Nc3 e5 4. b3 Be7 5. Bb2 O-O 6. g3 c6 7. Bg2 Nbd7 8. dxe5 Nxe5 9. Nf3 Nxf3+ 10. Bxf3 Bh3 11. Qd4 Qa5 12. a3 Rfd8 13. g4 Qb6 14. Qxb6 axb6 15. Rg1 h5 16. gxh5 Kh7 17. Ne4 Bf5 18. Ng5+ Kg8 19. h6 g6 20. h4 Nh7 21. e4 Bd7 22. O-O-O f6 23. Nh3 Bxh3 24. Rxg6+ Kh8 25. Rg7 Bf8 26. Rxb7 Bxh6+ 27. Kc2 Rd7 28. Rxb6 Rc8 29. Rg1 Bg7 30. Bg4 Bxg4 31. Rxg4 Nf8 32. f3 Ne6 33. a4 Nc5 34. Rg6 Kh7 35. Rg2 Rf7 36. Bc3 f5 37. Bxg7 Rxg7 38. Rxg7+ Kxg7 39. exf5 Kf6 40. a5 Kxf5 41. b4 Ne6 42. a6 c5 43. b5 Nd4+ 44. Kd3 Nxf3 45. Rxd6 Ne5+ 46. Kc3 Ra8 47. Rd5 Ke6 48. Rxc5 Nd7 49. Rc6+ Ke7 50. Kb4 Kd8 51. h5 Nb8 52. Rg6 Kc7 53. h6 Nd7 54. c5 Ne5 55. Rg7+ Kb8 56. h7 Nd3+ 57. Ka5 1-0


[Site "https://www.chess.com"]

[Event "Titled Tuesday Blitz November 01 Late 2022"]
[White "Djokic, Mihailo"]
[Black "Makarian, Rudik"]
[WhiteFideId "976440"]
[BlackFideId "44105681"]
[WhiteElo "2315"]
[BlackElo "2405"]
[Result "0-1"]
[Round "08"]
[TimeControl "180+1"]
[Date "2022.11.01"]
[WhiteClock "0:02:06"]
[BlackClock "0:02:02"]

1. e4 d6 2. d4 Nf6 3. Nc3 e5 4. Nf3 Nbd7 5. Bc4 Be7 6. O-O O-O 7. Re1 c6 8. a4 exd4 9. Nxd4 Ne5 10. Be2 Ng6 11. f4 Re8 12. Bf3 d5 13. exd5 Bc5 14. Rxe8+ Qxe8 15. dxc6 Bxd4+ 16. Kh1 Bxc3 17. bxc3 bxc6 18. g3 Bf5 19. Ba3 Rd8 20. Qe1 Be4 21. Bxe4 Qxe4+ 22. Qxe4 Nxe4 0-1


[Site "https://www.chess.com"]

[Event "Titled Tuesday Blitz November 01 Late 2022"]
[White "Ernst, Sipke"]
[Black "Becerra, Juan David"]
[WhiteFideId "1004689"]
[BlackFideId "4404998"]
[WhiteElo "2438"]
[BlackElo "2278"]
[Result "1-0"]
[Round "08"]
[TimeControl "180+1"]
[Date "2022.11.02"]
[WhiteClock "0:00:18"]
[BlackClock "0:00:10"]

1. Nf3 d5 2. b3 Bg4 3. Ne5 Bf5 4. g4 Be4 5. f3 e6 6. h4 Be7 7. Bg2 Bxh4+ 8. Kf1 Bg6 9. d4 Nc6 10. Nxg6 hxg6 11. g5 Rh5 12. f4 Nge7 13. Bf3 Rh7 14. Bg4 Qd6 15. e3 O-O-O 16. Qf3 Rdh8 17. Ba3 Qd7 18. Nd2 Nf5 19. Bxf5 gxf5 20. Kg2 f6 21. g6 Rh6 22. Rag1 Rxg6+ 23. Kf1 Rgh6 24. Qg2 g5 25. Nf3 g4 26. Nd2 Nb4 27. Bxb4 Qb5+ 28. Qe2 Qxb4 29. Qd3 Qa3 30. Kg2 a6 31. Qc3 Kb8 32. Qc5 Qxc5 33. dxc5 e5 34. b4 c6 35. c3 Kc7 36. Nb3 exf4 37. exf4 Rh5 38. Nd4 Kd7 39. Rh2 R5h7 40. Rgh1 Rh5 41. a4 R8h7 42. a5 Rh8 43. Kf1 g3 44. Rh3 Rg8 45. Kg2 Rg4 46. Nf3 Rxf4 47. Rxh4 Rhxh4 48. Rxh4 Re4 49. Rxe4 fxe4 50. Nd4 f5 51. Kxg3 Ke7 52. Kf4 Kf6 53. Nxf5 Ke6 54. Nd4+ Kf6 55. Ne2 Ke6 56. Nc1 Kf6 57. Nb3 Ke6 58. Nd4+ Kf6 59. Nb3 Ke6 60. Na1 Kf6 61. Nc2 Ke6 62. Ne3 Kf6 63. Nf5 Ke6 64. Nd6 b5 65. axb6 Kd7 66. b7 Kc7 67. Ke3 Kb8 68. Kd4 Kc7 69. c4 Kb8 70. cxd5 cxd5 71. c6 Kc7 72. Ne8+ Kb8 73. Kc5 e3 74. Kb6 e2 75. Nd6 e1=Q 76. c7# 1-0


[Site "https://www.chess.com"]

[Event "Titled Tuesday Blitz November 01 Late 2022"]
[White "Faizrakhmanov, Ramil"]
[Black "Aghasiyev, Kamal"]
[WhiteFideId "24103209"]
[BlackFideId "13402854"]
[WhiteElo "2421"]
[BlackElo "2341"]
[Result "0-1"]
[Round "08"]
[TimeControl "180+1"]
[Date "2022.11.01"]
[WhiteClock "0:00:09"]
[BlackClock "0:00:06"]

1. d4 d5 2. c4 e6 3. Nf3 Nf6 4. Nc3 Be7 5. Bf4 O-O 6. e3 b6 7. Be2 dxc4 8. Bxc4 Ba6 9. Qe2 Bxc4 10. Qxc4 c5 11. dxc5 bxc5 12. O-O Nc6 13. Rfd1 Qb6 14. Na4 Qb4 15. Rac1 Rfc8 16. a3 Qxc4 17. Rxc4 Nd5 18. Rc2 Nxf4 19. exf4 Nd4 20. Nxd4 cxd4 21. Rxc8+ Rxc8 22. g3 Bf6 23. b4 Rc2 24. Nc5 Ra2 25. Rd3 g6 26. Nd7 Bg7 27. Ne5 f6 28. Nc6 e5 29. Nxa7 Kf7 30. b5 Rb2 31. a4 Ke6 32. a5 Kd5 33. a6 e4 34. Rd1 d3 35. Nc8 f5 36. a7 Ra2 37. Nb6+ Kc5 38. a8=Q Rxa8 39. Nxa8 Kxb5 40. Nc7+ Kc4 41. Ne6 Bb2 42. Kf1 Kb3 43. Nf8 Kc2 44. Re1 Bc3 45. Re3 Bd2 46. Ne6 Bxe3 47. fxe3 d2 48. Nd4+ Kd3 0-1


[Site "https://www.chess.com"]

[Event "Titled Tuesday Blitz November 01 Late 2022"]
[White "Fernandez Hernandez, Gerardo"]
[Black "Van Osch, Mees"]
[WhiteFideId "2207400"]
[BlackFideId "1035967"]
[WhiteElo "2232"]
[BlackElo "2324"]
[Result "1-0"]
[Round "08"]
[TimeControl "180+1"]
[Date "2022.11.02"]
[WhiteClock "0:02:19"]
[BlackClock "0:02:20"]

1. e4 c5 2. d3 e6 3. g3 d5 4. Nd2 dxe4 5. dxe4 Nf6 6. Ngf3 b6 7. Bg2 Bb7 8. Qe2 Be7 9. O-O O-O 10. e5 Nd5 11. a3 Qc7 12. c4 Ba6 13. Qe4 f5 14. exf6 Nxf6 15. Qxe6+ Kh8 16. Ng5 Bb7 17. Bxb7 Qxb7 18. Nf7+ Kg8 19. Nd6+ Kh8 20. Nxb7 1-0


[Site "https://www.chess.com"]

[Event "Titled Tuesday Blitz November 01 Late 2022"]
[White "Fernandez Siles, Luis"]
[Black "Martinez Molina, Carlos Alberto"]
[WhiteFideId "2209420"]
[BlackFideId "5122708"]
[WhiteElo "2186"]
[BlackElo "2212"]
[Result "0-1"]
[Round "08"]
[TimeControl "180+1"]
[Date "2022.11.02"]
[WhiteClock "0:00:23"]
[BlackClock "0:00:49"]

1. e4 c5 2. Nf3 e6 3. c3 Nf6 4. e5 Nd5 5. Bc4 d6 6. d4 cxd4 7. cxd4 Be7 8. O-O O-O 9. Qe2 Nd7 10. Qe4 Qc7 11. Bd3 f5 12. exf6 N7xf6 13. Qh4 Nb4 14. Be4 Nxe4 15. Qxe4 Nc2 16. Na3 Nxa1 17. Be3 Qc6 18. Qb1 e5 19. Qxa1 e4 20. Rc1 Qd5 21. Nd2 Bf5 22. Rc7 Bf6 23. Nb3 Rac8 24. Qc1 Rxc7 25. Qxc7 Rc8 0-1


[Site "https://www.chess.com"]

[Event "Titled Tuesday Blitz November 01 Late 2022"]
[White "Firouzja, Alireza"]
[Black "Muradli, Mahammad"]
[WhiteFideId "12573981"]
[BlackFideId "13409301"]
[WhiteElo "2903"]
[BlackElo "2611"]
[Result "1-0"]
[Round "08"]
[TimeControl "180+1"]
[Date "2022.11.01"]
[WhiteClock "0:00:13"]
[BlackClock "0:00:01"]

1. e4 c5 2. Nf3 d6 3. d4 cxd4 4. Nxd4 Nf6 5. Nc3 a6 6. Qf3 g6 7. h3 Bg7 8. Be3 Bd7 9. O-O-O Nc6 10. g4 Rc8 11. Nxc6 Bxc6 12. Bd4 Qa5 13. Kb1 O-O 14. Qe3 Qc7 15. g5 Nh5 16. Be2 Bxd4 17. Rxd4 e5 18. Rd2 Nf4 19. Bg4 Rcd8 20. Rhd1 b5 21. h4 f6 22. Ne2 fxg5 23. hxg5 Nxe2 24. Bxe2 Rf4 25. f3 Be8 26. c4 bxc4 27. Qa3 Qe7 28. Bxc4+ Bf7 29. Bxa6 Qxg5 30. Be2 h5 31. Rxd6 Rxd6 32. Qxd6 h4 33. a4 h3 34. a5 h2 35. Qb8+ Kg7 36. a6 Qg1 37. Qxe5+ Rf6 38. Kc2 h1=Q 39. Rxg1 Qxg1 40. b4 Qb6 41. b5 Kg8 42. a7 Qxa7 43. Qxf6 Qa2+ 44. Qb2 Qa4+ 45. Kd2 Qa5+ 46. Ke3 Qb6+ 47. Qd4 Qc7 48. b6 Qc1+ 49. Kf2 Qh1 50. Qd8+ Kg7 51. Qd4+ Kg8 52. b7 Qh2+ 53. Ke1 Qc7 54. Qb4 Qb8 55. Kf2 g5 56. e5 Be6 57. Qd6 Qa7+ 58. Kg2 1-0


[Site "https://www.chess.com"]

[Event "Titled Tuesday Blitz November 01 Late 2022"]
[White "Floresvillar Gonzalez, Luis Migu"]
[Black "Hughes, Tyler B"]
[WhiteFideId "5100542"]
[BlackFideId "2026775"]
[WhiteElo "2040"]
[BlackElo "2284"]
[Result "1-0"]
[Round "08"]
[TimeControl "180+1"]
[Date "2022.11.02"]
[WhiteClock "0:00:07"]
[BlackClock "0:00:15"]

1. e4 c6 2. Nf3 d5 3. exd5 cxd5 4. d4 Nc6 5. c3 Qc7 6. Bd3 Bg4 7. Bg5 e6 8. Nbd2 Be7 9. Bxe7 Ngxe7 10. h3 Bh5 11. O-O h6 12. Re1 O-O-O 13. b4 g5 14. b5 Nb8 15. a4 g4 16. Ne5 f5 17. hxg4 fxg4 18. g3 Rhg8 19. Qe2 Rdf8 20. c4 Kd8 21. Rac1 Qd6 22. c5 Qc7 23. Nf1 Nc8 24. Ne3 Be8 25. Ng2 Nd7 26. Nxd7 Bxd7 27. c6 bxc6 28. bxc6 Be8 29. Qxe6 Nd6 30. Nf4 Bf7 31. Qe2 Re8 32. Qd2 Ne4 33. Bxe4 dxe4 34. d5 Qd6 35. c7+ Kc8 36. Qa5 a6 37. Rc6 Qe5 38. Qxa6+ Kd7 39. c8=Q+ Rxc8 40. Qb7+ Rc7 41. Rxc7+ Qxc7 42. Qb5+ Kd6 43. Qb4+ Kd7 44. Rd1 Qd6 45. Qxe4 Re8 46. Qf5+ Ke7 47. Qh7 Kf8 48. Ne6+ Bxe6 49. Qxh6+ Ke7 50. Qxe6+ Qxe6 51. dxe6 Kxe6 52. Re1+ Kd7 53. Rxe8 Kxe8 54. Kg2 Kd7 55. f3 gxf3+ 56. Kxf3 Kc6 57. Kf4 Kb6 58. g4 Ka5 59. g5 Kxa4 60. g6 Ka3 61. g7 Kb2 62. g8=Q Kc3 63. Qf7 Kd4 64. Qe6 Kc5 65. Qe5+ Kc6 66. Ke4 Kd7 67. Kd3 Kc6 68. Kc4 Kd7 69. Qd5+ Ke7 70. Kc5 Kf6 71. Qe4 Kf7 72. Qe5 Kg6 73. Qf4 Kg7 74. Qf5 Kh6 75. Qg4 Kh7 76. Kd6 Kh8 77. Ke6 Kh7 78. Kf7 Kh8 79. Qg7# 1-0


[Site "https://www.chess.com"]

[Event "Titled Tuesday Blitz November 01 Late 2022"]
[White "Freile Martin, Javier"]
[Black "Potapova, Margarita"]
[WhiteFideId "3600165"]
[BlackFideId "14126869"]
[WhiteElo "2384"]
[BlackElo "2150"]
[Result "0-1"]
[Round "08"]
[TimeControl "180+1"]
[Date "2022.11.02"]
[WhiteClock "0:00:56"]
[BlackClock "0:01:30"]

1. c4 e6 2. Nc3 d5 3. d4 Be7 4. Nf3 Nf6 5. Bg5 h6 6. Bh4 O-O 7. Qc2 b6 8. e3 Bb7 9. Bxf6 Bxf6 10. cxd5 exd5 11. Rd1 c5 12. Bd3 c4 13. Bf5 a6 14. a4 Nc6 15. h4 Nb4 16. Qe2 Bc8 17. Bxc8 Nd3+ 18. Rxd3 cxd3 19. Qxd3 Rxc8 20. g4 g6 21. g5 hxg5 22. hxg5 Bxg5 23. Rg1 Bf6 24. Ne5 Bg7 25. Rh1 Bxe5 26. dxe5 Qg5 27. Nxd5 Rc1+ 28. Kd2 Rxh1 29. Nf6+ Kg7 0-1


[Site "https://www.chess.com"]

[Event "Titled Tuesday Blitz November 01 Late 2022"]
[White "Gaehwiler, Gabriel"]
[Black "Burke, Paul"]
[WhiteFideId "1314530"]
[BlackFideId "2605767"]
[WhiteElo "2418"]
[BlackElo "1874"]
[Result "1-0"]
[Round "08"]
[TimeControl "180+1"]
[Date "2022.11.02"]
[WhiteClock "0:03:08"]
[BlackClock "0:02:14"]

1. d4 Nf6 2. c3 a6 3. Nf3 g6 4. Nbd2 Bg7 5. g3 b6 6. Bg2 Bb7 7. O-O h6 8. Re1 d6 9. e4 Nbd7 10. e5 Nd5 11. Ne4 Rb8 12. exd6 cxd6 13. Nxd6+ Kf8 14. Nxb7 Rxb7 15. Qe2 e6 16. Bd2 Rb8 17. Rad1 Kg8 18. c4 N5f6 19. Bc3 Kh7 20. Ne5 Nxe5 21. dxe5 Nd7 22. Qd2 Rf8 23. Qxd7 1-0


[Site "https://www.chess.com"]

[Event "Titled Tuesday Blitz November 01 Late 2022"]
[White "Galchenko, Matvey"]
[Black "Jobava, Baadur"]
[WhiteFideId "24175480"]
[BlackFideId "13601520"]
[WhiteElo "2423"]
[BlackElo "2582"]
[Result "0-1"]
[Round "08"]
[TimeControl "180+1"]
[Date "2022.11.01"]
[WhiteClock "0:01:00"]
[BlackClock "0:01:27"]

1. f4 b6 2. Nf3 Bb7 3. g3 Bxf3 4. exf3 c5 5. d4 cxd4 6. Qxd4 Nc6 7. Qa4 g6 8. c3 Bg7 9. Bh3 e6 10. O-O Nge7 11. Be3 O-O 12. Nd2 d5 13. Rad1 b5 14. Qa6 Rb8 15. Nb3 Qc8 16. Qxc8 Rfxc8 17. a3 a5 18. Rf2 b4 19. cxb4 axb4 20. a4 Ra8 21. Ra1 Na5 22. Nxa5 Rxa5 23. Bb6 Ra6 24. a5 Rb8 25. Rd1 Nc6 26. Bc7 Rb7 27. Bf1 Ra8 28. Bb6 Nxa5 29. Bc5 Rc8 30. Be3 Nc4 31. Bc1 b3 32. g4 Ra7 33. f5 Ra1 34. fxe6 fxe6 35. Bxc4 Rxc4 36. Rff1 Rc2 37. Bg5 Rxd1 38. Rxd1 Bxb2 39. Rb1 Bd4+ 40. Kh1 b2 41. Rd1 e5 42. h4 Kf7 43. Rf1 Ke6 44. Rd1 Rf2 0-1


[Site "https://www.chess.com"]

[Event "Titled Tuesday Blitz November 01 Late 2022"]
[White "Gokerkan, Cem Kaan"]
[Black "Predke, Alexandr"]
[WhiteFideId "6336760"]
[BlackFideId "24107581"]
[WhiteElo "2365"]
[BlackElo "2614"]
[Result "0-1"]
[Round "08"]
[TimeControl "180+1"]
[Date "2022.11.01"]
[WhiteClock "0:00:03"]
[BlackClock "0:00:04"]

1. e4 c5 2. Nf3 e6 3. c3 d5 4. exd5 Qxd5 5. d4 Nf6 6. Na3 Nc6 7. Nb5 Qd8 8. dxc5 Bxc5 9. Qxd8+ Kxd8 10. Bf4 Ne4 11. Rd1+ Ke7 12. Nbd4 Bd7 13. Bd3 Nf6 14. Nb3 Bb6 15. O-O Rhd8 16. c4 Rac8 17. Rfe1 Be8 18. c5 Bc7 19. Bc1 h6 20. a3 a5 21. Bc2 a4 22. Nbd2 Nd4 23. Nxd4 Rxd4 24. Ne4 Rxd1 25. Rxd1 Nxe4 26. Bxe4 Bc6 27. Bc2 Be5 28. f4 Bf6 29. Kf2 Be8 30. Be3 Bxb2 31. Rb1 Bxa3 32. Rxb7+ Kf8 33. Ra7 Bxc5 34. Bxc5+ Rxc5 35. Bxa4 Bxa4 36. Rxa4 Rc2+ 37. Kf3 Rc3+ 38. Kf2 h5 39. Ra5 g6 40. Ra2 Kg7 41. Rd2 Kf6 42. g3 Kf5 43. Re2 h4 44. Re5+ Kg4 45. Rg5+ Kh3 46. gxh4 Kxh4 47. Ra5 Kg4 48. Ra7 f5 49. Re7 Rc6 50. Ke3 Rc3+ 51. Kf2 Kxf4 52. Rxe6 Rc2+ 53. Kg1 g5 54. Ra6 Kg4 55. Ra4+ f4 56. Rb4 Re2 57. Ra4 Kf3 58. Ra3+ Re3 59. Ra1 g4 60. Rf1+ Ke4 61. Ra1 Re2 62. Ra4+ Kf3 63. Ra3+ Re3 64. Ra1 Rd3 65. Rf1+ Ke3 66. Re1+ Kd4 67. Rf1 Ke4 68. Re1+ Re3 69. Ra1 f3 70. Ra4+ Kf5 71. Ra5+ Kf4 72. Ra4+ Re4 73. Ra8 Re1+ 74. Kf2 Re2+ 75. Kg1 Rg2+ 76. Kh1 Rd2 77. Kg1 Rd1+ 78. Kf2 Rd2+ 79. Kg1 Rg2+ 80. Kh1 Rb2 81. Kg1 Ke3 82. Re8+ Kf4 83. Rf8+ Ke4 84. Re8+ Kf5 85. Rf8+ Ke5 86. Re8+ Kf6 87. Rf8+ Kg6 88. Rg8+ Kf5 89. Rf8+ Ke6 90. Re8+ Kf7 91. Re4 Rg2+ 92. Kh1 Kf6 93. Re8 Rb2 94. Kg1 Rb1+ 95. Kf2 Rh1 96. Rh8 Kg6 97. Rg8+ Kf5 98. Rf8+ Ke6 99. Re8+ Kf7 100. Rh8 Kf6 101. Rf8+ Ke7 102. Rh8 Rb1 103. Rg8 Rb2+ 104. Kg1 Rb4 105. Kf2 Rb2+ 106. Kg1 Rg2+ 107. Kh1 Kf6 108. Rf8+ Ke5 109. Re8+ Kf4 110. Rf8+ Ke3 111. Re8+ Kf2 0-1


[Site "https://www.chess.com"]